 Dungeon Crawl Stone Soup version 0.16.1-51-g6203257 (webtiles) character file.

63 poirepourri the Conjurer (level 3, -2/25 HPs)
             Began as a Mummy Conjurer on Aug 6, 2015.
             Slain by a quokka (3 damage)
             ... on level 3 of the Dungeon.
             The game lasted 00:06:00 (1871 turns).

poirepourri the Conjurer (Mummy Conjurer)           Turns: 1871, Time: 00:06:00

Health: -2/25      AC:  4    Str: 11    XL:     3   Next: 87%
Magic:  1/6        EV: 12    Int: 15    God:
Gold:   96         SH:  0    Dex: 12    Spells: 3 memorised, 1 level left

rFire  x . .     SeeInvis .     (no weapon)
rCold  + . .     Clarity  .     a - +0 robe
rNeg   + + +     SustAb   .     (no shield)
rPois  ∞         Gourm    .     (no helmet)
rElec  .         Spirit   .     j - +1 cloak
rCorr  .         Warding  .     (no gloves)
rMut   .         Stasis   .     (no boots)
MR     .....                    (no amulet)
Stlth  +.........               f - ring of wizardry
                                d - ring of loudness

@: not resistant to hostile enchantments, very unstealthy
A: no food or potions, fire vulnerability, restore body, cold resistance 1,
negative energy resistance 3, poison resistance, torment resistance, unbreathing
a: no special abilities


You were on level 3 of the Dungeon.
You were not hungry.

You visited 1 branch of the dungeon, and saw 3 of its levels.

You collected 96 gold pieces.

Inventory:

Hand weapons
 i - a +0 spear
Armour
 a - a +0 robe (worn)
 j - a +1 cloak (worn)
Jewellery
 d - a ring of loudness (left hand)
 f - a ring of wizardry (right hand)
Scrolls
 h - a scroll of random uselessness
Books
 c - a book of Conjurations

   Spells                             Type                      Level
   a - Magic Dart                     Conjuration                  1
   b - Searing Ray                    Conjuration                  2
   c - Dazzling Spray                 Conjuration/Hexes            3
   d - Fulminant Prism                Conjuration/Hexes            4
   e - Iskenderun's Mystic Blast      Conjuration                  4
   f - Iskenderun's Battlesphere      Conjuration/Charms           5


   Skills:
 + Level 0.6 Fighting
 + Level 1.7 Dodging
 + Level 1.6 Stealth
 + Level 0.5 Unarmed Combat
 * Level 2.7 Spellcasting
 + Level 3.8 Conjurations


You had one spell level left.
You knew the following spells:

 Your Spells              Type           Power        Failure   Level  Hunger
a - Magic Dart            Conj           ##..         1%          1    N/A
b - Searing Ray           Conj           ##....       3%          2    N/A
c - Dazzling Spray        Conj/Hex       #.......     12%         3    N/A

Dungeon Overview and Level Annotations

Branches:
Dungeon (3/15)

Altars:
Yredelemnul


Innate Abilities, Weirdness & Mutations

You do not eat or drink.
Your flesh is vulnerable to fire.
Your flesh is cold resistant.
You are immune to negative energy.
Your system is resistant to poisons.
You are immune to unholy pain and torment.
You can survive without breathing.


Message History

The rat barely misses you.
Found a ruby potion.
You hit the rat but do no damage.
The rat is moderately wounded.
The orc hits you.
* * * LOW HITPOINT WARNING * * *
The rat closely misses you. The orc barely misses you. The rat misses you.
Found 16 stones.
You barely miss the orc.
The orc is severely wounded.
The orc closely misses you.
A quokka comes into view.
The quokka moves out of view.
A rat comes into view.
The quokka bites you.
* * * LOW HITPOINT WARNING * * *
The quokka closely misses you. The quokka barely misses you.
The quokka bites you.
You die...

.................##.#
..######.........##.#
)................##.#
.................##.#
.........# %... ..#
.....##..# #.#.##..##
..##..#..# #.#......#
..###.†..####.##.....#
### ##........ro@....#
#.##.##.##rr....#
#.##.##.###.....#
..##..... #.....#
#######...........#
##..#..#.....
##.(....P.P ###...._
#..


You could see an orc, a quokka and 2 rats.

Vanquished Creatures
  An adder (D:2)
  2 worms (D:2)
  4 giant geckos
  6 goblins
  7 hobgoblins
  9 bats
  2 giant newts
  5 kobolds
  A quokka (D:2)
  3 rats
40 creatures vanquished.

Notes
Turn   | Place    | Note
--------------------------------------------------------------
     0 | D:1      | poirepourri, the Mummy Conjurer, began the quest for the Orb.
     0 | D:1      | Reached XP level 1. HP: 13/13 MP: 3/3
   306 | D:1      | Reached XP level 2. HP: 14/19 MP: 1/4
   915 | D:2      | Reached XP level 3. HP: 22/24 MP: 1/6
  1347 | D:2      | Learned a level 2 spell: Searing Ray
  1351 | D:2      | Learned a level 3 spell: Dazzling Spray
  1869 | D:3      | HP: 1/25 [quokka (3)]
  1871 | D:3      | Found a basalt altar of Yredelemnul.
  1871 | D:3      | Slain by a quokka

Action                   || total
-------------------------++-------
Melee: Unarmed           ||    75
 Cast: Magic Dart        ||    85
       Dazzling Spray    ||     1
  Use: Scroll            ||     4
